 Dungeon Crawl Stone Soup version 0.21-a0-401-g0b6bec4 (webtiles) character file.

788285 Hasart the Slayer (level 27, -20/286 HPs)
             Began as an Ogre Monk on Oct 22, 2017.
             Was the Champion of the Shining One.
             Demolished by a purple draconian knight
             ... wielding a +0 halberd
              (21 damage)
             ... on level 5 of the Realm of Zot.
             The game lasted 03:58:57 (86312 turns).

Hasart the Slayer (Ogre Monk)                      Turns: 86312, Time: 03:58:57

Health: -20/286    AC: 12    Str: 34 (35) XL:     27
Magic:  0/34       EV: 17    Int: 16      God:    the Shining One [******]
Gold:   5183       SH: 32    Dex:  9      Spells: 35/57 levels left

rFire    + + +     SeeInvis .   h - +9 eveningstar (holy)
rCold    + + +     Gourm    .   W - +8 large shield {reflect}
rNeg     + + +     Faith    .   K - quicksilver dragon scales of the Worm {rPois rC++ MR+ Str-3}
rPois    +         Spirit   +   i - +1 hat "Nesiun" {Slay+2}
rElec    +         Reflect  +   k - scarf of Axieluu {rPois Regen+ Int+7}
rCorr    .         Harm     .   (gloves unavailable)
MR       ++++.                  (boots unavailable)
Stlth    +.........             f - amulet of Zuhepsud {Spirit *Contam +Blink rElec rF++}
HPRegen  0.97/turn              H - ring of Xycuama {rF+ rC+ Slay+5 Stlth+}
MPRegen  0.24/turn              x - +6 ring of strength

@: about to teleport, slowed, glowing, very slow
A: unfitting armour, repulsion field 1, blurry vision 1, clumsy 1, deformed
body, deterioration 1, dopey 1, fire resistance 2, frail 1, low mp 2, magic
resistance 1, tough skin 1, no potion heal 1
}: 4/15 runes: barnacled, silver, abyssal, gossamer
a: Divine Shield, Cleansing Flame, Summon Divine Warrior, Renounce Religion,
Evoke Blink


You were on level 5 of the Realm of Zot.
You worshipped the Shining One.
The Shining One was exalted by your worship.
You were very hungry.

You visited 11 branches of the dungeon, and saw 53 of its levels.
You visited the Abyss 1 time.
You visited 1 ziggurat, and saw 9 of its levels.
You also visited: Labyrinth and Ice Cave.

You collected 9593 gold pieces.
You spent 4410 gold pieces at shops.

Inventory:

Hand Weapons
 h - a +9 eveningstar of holy wrath (weapon)
 m - a +5 sacred scourge of holy wrath
Missiles
 Q - 7 throwing nets
 V - 144 large rocks (quivered)
Armour
 i - the +1 hat "Nesiun" (worn) {Slay+2}
   (Okawaru gifted it to you on level 9 of the Dungeon)

   It affects your accuracy and damage with ranged weapons and melee attacks
   (+2).
 k - the scarf of Axieluu (worn) {rPois Regen+ Int+7}
   (Okawaru gifted it to you on level 6 of the Lair of Beasts)

   It affects your intelligence (+7).
   It protects you from poison.
   It increases your rate of regeneration.
 D - the +4 dragonskin cloak
   (You took it off Tiamat on level 1 of the Realm of Zot)
 K - the quicksilver dragon scales of the Worm (worn) {rPois rC++ MR+ Str-3}
   (You bought it in a shop on level 2 of the Orcish Mines)

   It affects your strength (-3).
   It greatly protects you from cold.
   It protects you from poison.
   It affects your resistance to hostile enchantments.
 W - a +8 large shield of reflection (worn)
Jewellery
 f - the amulet of Zuhepsud (around neck) {Spirit *Contam +Blink rElec rF++}
   (You found it on level 12 of the Dungeon)

   [amulet of guardian spirit]

   It causes incoming damage to be split between your health and magic.
   It greatly protects you from fire.
   It insulates you from electricity.
   It lets you blink.
   It causes magical contamination when unequipped.
 s - an uncursed ring of resist corrosion
 x - a +6 ring of strength (right hand)
 y - an uncursed ring of protection from fire
 H - the ring of Xycuama (left hand) {rF+ rC+ Slay+5 Stlth+}
   (You found it on level 4 of the Depths)

   [ring of stealth]

   It affects your accuracy and damage with ranged weapons and melee attacks
   (+5).
   It protects you from fire.
   It protects you from cold.
   It makes you more stealthy.
 X - a +5 ring of evasion
Wands
 l - a wand of lightning (7/15)
 u - a wand of digging (4/24)
 R - a wand of iceblast (10/15)
 U - a wand of lightning (8/15)
Scrolls
 b - 7 scrolls of magic mapping
 o - 3 scrolls of holy word
 q - 3 scrolls of blinking
 v - 30 scrolls of identify
 w - 15 scrolls of recharging
 A - 2 scrolls of brand weapon
 B - 27 scrolls of remove curse
 C - 5 scrolls of amnesia
 E - 19 scrolls of teleportation
 G - 6 scrolls of fear
 J - 5 scrolls of summoning
 S - a scroll of silence
 Y - 3 scrolls of enchant armour
 Z - 8 scrolls of fog
Potions
 a - 6 potions of ambrosia
 d - 20 potions of curing
 e - 5 potions of brilliance
 n - 2 potions of resistance
 p - 3 potions of magic
 r - 6 potions of cancellation
 t - 12 potions of agility
 z - 2 potions of haste
 I - 9 potions of might
 M - 4 potions of flight
 O - 5 potions of heal wounds
Books
 T - a book of the Sky

   Spells                             Type                      Level
   a - Summon Lightning Spire         Summoning/Air                4
   b - Silence                        Hexes/Air                    5
   c - Deflect Missiles               Charms/Air                   6
   d - Conjure Ball Lightning         Conjuration/Air              6
   e - Tornado                        Air                          9
Miscellaneous
 g - 2 phantom mirrors
 L - a fan of gales
Comestibles
 c - 35 bread rations
 j - 10 meat rations
 N - 7 royal jellies


   Skills:
 + Level 26.1 Fighting
 + Level 21.3 Maces & Flails
 + Level 16.0 Throwing
 + Level 15.7 Armour
 + Level 14.2 Dodging
 - Level 1.4 Stealth
 + Level 18.1 Shields
 - Level 15.6 Spellcasting
 - Level 9.6 Hexes
 - Level 14.4 Charms
 - Level 10.3 Translocations
 - Level 14.4 Air Magic
 - Level 14.8 Invocations
 - Level 4.2 Evocations


You had 35 spell levels left.
You knew the following spells:

 Your Spells              Type           Power        Failure   Level  Hunger
a - Swiftness             Chrm/Air       ######..     1%          2    None
b - Silence               Hex/Air        ######....   1%          5    ####...
d - Blink                 Tloc           N/A          1%          2    None
e - Lesser Beckoning      Tloc           #####.....   1%          3    None
f - Passage of Golubria   Tloc           N/A          1%          4    None
p - Deflect Missiles      Chrm/Air       ######....   2%          6    #####..


Dungeon Overview and Level Annotations

Branches:
Dungeon (15/15)            Temple (0/1) D:5            Lair (6/6) D:8
 Shoals (4/4) Lair:2       Spider (4/4) Lair:4        Slime (0/5) Lair:5
    Orc (2/2) D:10            Elf (3/3) Orc:2        Vaults (5/5) D:14
  Crypt (3/3) Vaults:3       Tomb (0/3) Crypt:3      Depths (5/5) D:15
   Hell (1/1)                 Dis (0/7) Hell            Geh (0/7) Hell
    Coc (0/7) Hell            Tar (0/7) Hell            Zot (5/5) Depths:5

Altars:
Elyvilon
Fedhas
Gozag
Kikubaaqudgha
Makhleb
Okawaru
Qazlal
Ru
Trog
Uskayaw
Xom
Yredelemnul
Zin
The Shining One
Beogh

Shops:
D:4 !   D:6 *   Orc:1 [   Orc:2 (![[%   Elf:1 [[?   Vaults:1 (   Vaults:3 !%*[
Vaults:4 *[(

Portals:
Hell: Depths:1 Depths:2 Depths:3 Depths:4 Depths:5
Abyss: Depths:4
Pandemonium: Depths:1 Depths:3

Annotations:
D:7 theanonym's ghost, novice GrFi
Lair:2 exclusion: 2 oklob plants
Lair:3 exclusion: oklob plant
Depths:4 1 runed door


Innate Abilities, Weirdness & Mutations

You are too large for most types of armour.
You have tough skin. (AC +1)
You are surrounded by a mild repulsion field. (EV +2)
Scrolls take you a little longer to read.
You are clumsy. (Dex -2)
Armour fits poorly on your strangely shaped body.
Your body sometimes deteriorates upon taking damage.
You are dopey. (Int -2)
Your flesh is very heat resistant. (rF++)
You are frail. (-10% HP)
Your magical capacity is very low. (-20% MP)
You are resistant to hostile enchantments. (MR+)
Potions are less effective at restoring your health.


Message History

The golden dragon misses you.
The golden dragon tramples you but does no damage.
Unknown command.
Unknown command.
Unknown command.
Your system partially rejects the healing.
You feel much better. You block the ghost moth's attack. x3
The purple draconian knight hits you but does no damage.
The purple draconian scorcher barely misses you.
The golden dragon breathes cold at you. The bolt of cold hits you! You resist.
* * * LOW HITPOINT WARNING * * *
The ghost moth hits you!
* * * LOW HITPOINT WARNING * * *
The ghost moth hits you. The Shining One protects you from harm!
You feel weakened. You block the ghost moth's attack.
The purple draconian knight hits you from afar with a halberd!!
You die...

.....f<.q..........# ##..≈≈≈..
...''y'fz''''###...######...≈#≈≈≈
...'+*z'''+''.⌠.............≈≈≈≈#
#..'+'qX''+ X..............≈≈≈#≈≈
#..'+'qq..'+'..)...........≈#≈≈≈≈
#..'++f?$.'''#.......#.....≈≈≈≈#≈
#..' 'z=[.'''#...######...≈≈≈#≈≈≈
##.' '...§'''..y..........≈#≈≈≈≈#
##' +++'''''..D@######...≈≈≈≈#≈≈
'''''..*q# ###....≈≈≈≈
'''''''.##q######...##....≈
#.......##....⌠)<)[........
##########.................
#f.........⌠........
#f..################ #...# #
###.# #


You could see an orb of fire, a tentacled monstrosity, a purple draconian knight
(invisible), a golden dragon, a purple draconian scorcher and a ghost moth
(invisible).

Vanquished Creatures
  7 orbs of fire
  Tiamat (Zot:1)
  2 juggernauts (Depths:4)
  Mennas (Depths:4)
  6 ancient liches
  A shard shrike (Zot:3)
  Bai Suzhen (Crypt:1)
  A pandemonium lord (Zig:4)
  Saint Roka (Depths:4)
  9 Killer Klowns
  Xtahua (Vaults:2)
  Frederick (Vaults:5)
  6 curse toes
  19 golden dragons
  Geryon (Hell)
  2 caustic shrikes (Depths:3)
  A profane servitor (Crypt:3)
  the Enchantress (Depths:1)
  Arachne (Spider:3)
  A bone dragon (Crypt:3)
  A lich (Crypt:3)
  A Brimstone Fiend (Zig:4)
  5 electric golems
  25 Orb Guardians (Zot:5)
  21 tentacled monstrosities
  18 titans
  Rupert (D:14)
  7 quicksilver dragons
  7 deep elf blademasters
  3 deep elf master archers
  5 ancient champions
  Frances (D:12)
  2 acid blobs (Depths:4)
  A kraken (Shoals:3)
  17 shadow dragons
  4 death cobs
  Kirke (D:14)
  A tentacled starspawn (Abyss:3)
  4 sphinxes
  A nagaraja (Zig:5)
  12 storm dragons
  7 tengu reavers
  4 draconian monks
  4 azure jellies (Depths:4)
  Ilsuiw (Shoals:4)
  Roxanne (Spider:1)
  3 revenants
  20 fire giants
  5 ghost moths
  28 frost giants
  9 draconian knights
  8 deep elf sorcerers
  6 emperor scorpions
  10 draconian scorchers
  3 draconian shifters
  An orc warlord (Orc:2)
  10 vault wardens
  Aizul (Spider:3)
  A juggernaut zombie (Hell)
  4 balrugs
  A warmonger (Zig:4)
  2 iron dragons
  4 deep elf elementalists
  Louise (D:15)
  23 ironheart preservers
  9 draconian stormcallers
  2 angels (Zig:9)
  6 ghouls
  3 curse skulls
  6 spriggan defenders
  9 draconian annihilators
  7 reapers
  38 stone giants
  An entropy weaver (shapeshifter) (Zig:8)
  7 war gargoyles
  43 very ugly things
  5 deep elf demonologists
  10 green draconians
  6 dire elephants (Lair:6)
  4 entropy weavers
  Nessos (D:12)
  6 black draconians
  4 vampire knights
  3 large abominations
  10 deep elf annihilators
  9 purple draconians
  11 yellow draconians
  A lorocyproca (Hell)
  14 spark wasps
  A spectral titan (Crypt:3)
  11 white draconians
  14 red draconians
  6 deep elf death magi
  Snorg (Lair:4)
  24 ettins
  6 death oozes (Depths:4)
  7 eidola
  3 blizzard demons
  6 merfolk javelineers
  A green death (Hell)
  A minotaur (Lab)
  Josephine (D:13)
  8 deep elf high priests
  A quicksilver dragon zombie (Hell)
  12 fire dragons
  13 yaktaur captains
  7 great orbs of eyes
  3 merfolk impalers (Shoals:4)
  17 jiangshi
  31 vault guards
  A naga warrior (Zig:5)
  Harold (Orc:1)
  16 ice dragons
  A quicksilver dragon skeleton (Crypt:1)
  5 rakshasas
  A hell beast (Depths:4)
  7 hydras
  A catoblepas (D:13)
  2 anacondas
  6 spriggan air magi
  An anaconda (shapeshifter) (Zig:8)
  11 death knights
  2 merfolk avatars (Shoals:4)
  Erica (D:10)
  5 merfolk aquamancers
  A satyr (Shoals:4)
  38 two-headed ogres
  2 alligators (Zig:7)
  26 dancing weapons
  An alligator snapping turtle (Shoals:4)
  15 centaur warriors
  8 deep troll shamans
  A two-headed ogre (shapeshifter) (Vaults:5)
  6 death yaks
  7 deep troll earth magi
  13 ogre magi
  A death scarab (Zig:1)
  8 tengu warriors
  A thrashing horror (Abyss:1)
  5 vampire magi
  6 hell hogs (Hell)
  8 spriggans
  A naga sharpshooter (Zig:5)
  7 spriggan berserkers
  7 sun demons
  Nergalle (D:10)
  30 deep elf knights
  14 hell knights
  8 soul eaters
  32 skeletal warriors
  2 iron golems (Depths:5)
  A titan skeleton (Vaults:4)
  A shock serpent (Zig:5)
  The ghost of sveltemanboy the Martial Artist, a novice GnWn of Okawaru (D:8)
  A spatial maelstrom (Abyss:1)
  2 wretched stars (Abyss:3)
  A spark wasp zombie (Hell)
  An infernal demonspawn (Depths:3)
  21 deep trolls
  5 unseen horrors
  9 small abominations
  15 sea snakes
  3 shadow wraiths
  A spriggan druid (Zig:2)
  7 glowing orange brains
  22 deep elf archers
  11 flayed ghosts
  A golden dragon skeleton (Crypt:1)
  A deep troll (shapeshifter) (Depths:2)
  2 anaconda zombies (Hell)
  2 swamp dragons (Zig:7)
  2 shambling mangroves (Zig:7)
  7 wizards
  A glowing orange brain (shapeshifter) (Depths:4)
  16 phantasmal warriors
  An obsidian statue (Depths:4)
  14 necromancers
  15 ironbrand convokers
  29 wolf spiders
  5 harpies (Shoals:1)
  2 shadow dragon zombies
  14 orc knights
  3 stone giant zombies
  An iron dragon zombie (Hell)
  A harpy (shapeshifter) (Vaults:2)
  16 orb spiders
  3 fire giant zombies
  A frost giant zombie (Hell)
  A mana viper (Abyss:3)
  68 deep elf magi
  10 manticores
  53 ugly things
  6 cyclopes
  A salamander (Depths:1)
  17 moths of wrath
  9 merfolk sirens
  2 fauns
  5 orc sorcerers
  A frost giant skeleton (D:15)
  2 iron dragon skeletons
  5 black mambas
  14 elephants
  9 rust devils
  14 vault sentinels
  An ice statue (IceCv)
  2 stone giant skeletons
  An eye of devastation (shapeshifter) (Depths:2)
  7 water nymphs
  A naga mage (Zig:5)
  Psyche (D:10)
  2 torpor snails
  2 molten gargoyles
  8 spiny frogs
  A dire elephant zombie (Crypt:2)
  A spiny frog (shapeshifter) (Vaults:1)
  2 smoke demons
  An eye of devastation (Depths:4)
  8 gargoyles (Lab)
  5 centaur skeletons
  6 orange demons
  A shock serpent skeleton (Crypt:2)
  2 rime drakes
  An efreet (Abyss:1)
  A white draconian skeleton (Crypt:1)
  15 freezing wraiths
  28 yaktaurs
  3 hellwings
  A kobold demonologist (D:15)
  A green draconian zombie (Crypt:2)
  A tormentor (Depths:3)
  A komodo dragon (shapeshifter) (Vaults:3)
  A yaktaur (shapeshifter) (Depths:1)
  2 ancient zymes (Abyss:1)
  9 komodo dragons
  An anaconda simulacrum (Hell)
  2 guardian mummies (D:15)
  4 red devils
  A queen bee (Abyss:3)
  7 tengu conjurers
  5 hydra zombies (Hell)
  13 demonic crawlers
  5 ice devils
  24 jumping spiders
  A merfolk (shapeshifter) (Zig:8)
  A yellow draconian skeleton (Crypt:1)
  16 hornets
  2 jumping spiders (shapeshifter)
  28 merfolk
  4 meliai (Abyss:3)
  A meliai (shapeshifter) (Elf:1)
  A deep troll zombie (Hell)
  15 polar bears
  A tyrant leech (Zig:7)
  7 trolls
  8 raiju
  A raiju (shapeshifter) (Vaults:3)
  A shadow dragon simulacrum (Crypt:1)
  A bog body (Zig:7)
  A blink frog (shapeshifter) (Vaults:3)
  10 dream sheep
  A wolf spider simulacrum (Crypt:3)
  8 wind drakes
  47 slime creatures
  4 spriggan zombies
  11 hippogriffs
  11 snapping turtles
  3 fire dragon zombies
  2 meliai zombies (D:14)
  18 blink frogs
  A stone giant simulacrum (Vaults:2)
  An alligator zombie (Hell)
  2 ettin zombies
  66 redbacks
  6 air elementals
  An ettin skeleton (Crypt:3)
  2 spriggans (shapeshifter)
  46 flying skulls (Crypt:3)
  2 tarantellas (shapeshifter)
  A vampire (D:11)
  6 shadows
  17 wraiths
  48 yaks
  3 fire dragon skeletons
  A redback (shapeshifter) (Depths:3)
  17 water elementals
  28 tarantellas
  A wyvern (Lair:5)
  An ushabti (Zig:1)
  A ynoxinul (Depths:3)
  4 hungry ghosts
  A yak (shapeshifter) (Vaults:1)
  Grum (D:11)
  A human (shapeshifter) (Vaults:2)
  A neqoxec (Abyss:1)
  A wyvern (shapeshifter) (Vaults:3)
  6 fire elementals
  5 hogs
  18 humans
  A golden eye (shapeshifter) (Depths:1)
  4 basilisks
  5 spatial vortices (Abyss:1)
  6 fire bats
  A chaos spawn (Depths:3)
  4 human simulacra (Vaults:1)
  9 wargs
  5 vampire mosquitoes
  A steam dragon (shapeshifter) (Vaults:5)
  A warg (shapeshifter) (Depths:4)
  2 soldier ants (shapeshifter)
  2 acid dragons
  2 soldier ants
  2 hydra simulacra (Zot:3)
  A porcupine (shapeshifter) (Vaults:5)
  12 water moccasins
  7 porcupines
  A hell hound (Depths:1)
  3 floating eyes
  62 orc warriors
  5 ice beasts
  2 swamp drakes
  10 sky beasts
  An eye of draining (D:13)
  A tengu (shapeshifter) (Depths:4)
  7 necrophages
  42 ogres
  A phantom (D:10)
  A centaur (shapeshifter) (Vaults:5)
  16 wolves
  12 centaurs
  5 human skeletons
  8 crocodiles
  A fire crab zombie (Crypt:2)
  A yaktaur zombie (Hell)
  13 bullfrogs
  An earth elemental (Zig:6)
  A cyclops zombie (Crypt:1)
  A deep troll simulacrum (Vaults:2)
  A wyvern zombie (D:13)
  8 scorpions
  24 killer bees
  A raiju skeleton (Crypt:1)
  2 howler monkeys
  11 wights
  2 electric eels (Lair:4)
  A lava snake (D:13)
  21 crimson imps
  6 human zombies
  3 quasits
  A bullfrog zombie (D:12)
  5 centaur zombies
  3 hounds
  16 jellies
  23 orc wizards
  23 orc priests
  Crazy Yiuf (D:3)
  A basilisk skeleton (Crypt:1)
  3 bullfrog skeletons
  4 iron imps (Depths:4)
  Jessica (D:3)
  4 iguanas
  15 worker ants
  A dwarf zombie (Crypt:2)
  An ogre zombie (D:13)
  2 tengu zombies
  A crocodile skeleton (Crypt:2)
  3 mummies
  A worker ant zombie (D:9)
  17 adders
  A river rat (D:5)
  5 shadow imps
  14 white imps
  2 ufetubi (Abyss:1)
  7 oozes
  An adder zombie (D:7)
  A worm (D:5)
  4 dart slugs (D:1)
  6 leopard geckos
  142 orcs
  A bat zombie (Crypt:1)
  10 giant cockroaches
  4 goblins
  3 hobgoblins
  5 jackals
  4 quokkas
  5 bats
  3 frilled lizards (D:1)
  A frilled lizard (shapeshifter) (Vaults:5)
  A jackal skeleton (D:4)
  5 kobolds
  An orc skeleton (Crypt:1)
  An orc zombie (D:13)
  2 rats (D:2)
  A rat zombie (Crypt:1)
  A bush (D:8)
  3 crawling corpses
  2 fire vortices
  2 plants (Lair:6)
  4 tentacles (Shoals:3)
2893 creatures vanquished.

Vanquished Creatures (collateral kills)
  Urug (Lair:4)
1 creature vanquished.

Vanquished Creatures (others)
  Margery (Vaults:5)
  7 deep elf master archers
  A fire giant (Depths:2)
  A red draconian (Zot:5)
  2 merfolk javelineers (Shoals:4)
  A yaktaur captain (Depths:3)
  2 centaur warriors
  A shadow wraith (Vaults:3)
  A naga ritualist (Zig:5)
  3 deep elf archers
  2 fauns (Shoals:4)
  2 moths of wrath (Zot:5)
  2 cyclopes
  12 yaktaurs
  A polar bear (IceCv)
  A slime creature (Vaults:2)
  3 flying skulls (Crypt:3)
  A necrophage (Crypt:1)
  A wolf (IceCv)
  8 centaurs
  An orc priest (D:15)
  An ufetubus (Abyss:3)
  A bush (D:8)
  A fungus (Lair:6)
  29 plants
  2 starspawn tentacles (Abyss:3)
  5 tentacles (Shoals:3)
93 creatures vanquished.

Grand Total: 2987 creatures vanquished

Notes
Turn   | Place    | Note
-------+----------+-------------------------------------------
     0 | D:1      | Hasart the Ogre Monk began the quest for the Orb.
     0 | D:1      | Reached XP level 1. HP: 24/24 MP: 1/1
   105 | D:1      | Reached XP level 2. HP: 27/32 MP: 2/2
   741 | D:2      | Reached XP level 3. HP: 40/40 MP: 3/3
   946 | D:2      | Found a hide-covered altar of Uskayaw.
  1281 | D:2      | Reached XP level 4. HP: 48/49 MP: 4/4
  1579 | D:3      | Found a white marble altar of Elyvilon.
  1885 | D:3      | Found a runed door.
  1926 | D:3      | Noticed Crazy Yiuf
  1949 | D:3      | Reached skill level 5 in Fighting
  2512 | D:3      | Noticed Jessica
  2532 | D:3      | Killed Jessica
  2532 | D:3      | Reached XP level 5. HP: 44/57 MP: 5/5
  2671 | D:3      | Killed Crazy Yiuf
  2830 | D:4      | Reached skill level 6 in Fighting
  2963 | D:4      | Found Irucsiupt's Distillery.
  2974 | D:4      | Reached XP level 6. HP: 52/68 MP: 6/6
  2988 | D:4      | Bought a potion of curing for 33 gold pieces
  2988 | D:4      | Bought a potion of heal wounds for 55 gold pieces
  3271 | D:4      | Found an opulent altar of Gozag.
  3275 | D:4      | Reached skill level 7 in Fighting
  3326 | D:5      | Entered Level 5 of the Dungeon
  3326 | D:5      | Found an iron altar of Okawaru.
  3329 | D:5      | Became a worshipper of Warmaster Okawaru
  3329 | D:5      | Reached * piety under Okawaru
  3329 | D:5      | Reached ** piety under Okawaru
  3887 | D:5      | Reached skill level 8 in Fighting
  3887 | D:5      | Reached XP level 7. HP: 61/81 MP: 7/7
  3999 | D:5      | Found a shimmering altar of Xom.
  4012 | D:5      | Found a staircase to the Ecumenical Temple.
  4026 | D:5      | Reached skill level 9 in Fighting
  4225 | D:5      | Got a heavy robe
  4236 | D:5      | Identified the +1 robe of the Oligarchy {Str+3 Int+3} (You found it on level 5 of the Dungeon)
  4511 | D:6      | Reached skill level 10 in Fighting
  4563 | D:6      | Found Zin's Purification Station.
  4619 | D:6      | Reached skill level 5 in Maces & Flails
  4689 | D:6      | Found a glowing golden altar of the Shining One.
  4904 | D:6      | Found a glowing silver altar of Zin.
  4983 | D:6      | Found a burning altar of Makhleb.
  5185 | D:7      | Reached XP level 8. HP: 93/93 MP: 8/8
  5199 | D:7      | Reached *** piety under Okawaru
  5548 | D:7      | Noticed theanonym's ghost (novice GrFi)
  6082 | D:7      | Reached skill level 11 in Fighting
  6592 | D:7      | Reached **** piety under Okawaru
  6599 | D:7      | Reached XP level 9. HP: 105/105 MP: 9/9
  6656 | D:7      | Found a sacrificial altar of Ru.
  6718 | D:7      | Reached skill level 12 in Fighting
  7051 | D:7      | Found a blossoming altar of Fedhas.
  7583 | D:8      | Noticed a two-headed ogre
  7763 | D:8      | Killed a two-headed ogre
  7763 | D:8      | Reached ***** piety under Okawaru
  7763 | D:8      | Reached XP level 10. HP: 63/118 MP: 10/10
  8165 | D:8      | Reached skill level 10 in Maces & Flails
  8465 | D:8      | Reached skill level 13 in Fighting
  8699 | D:8      | Received a gift from Okawaru
  8889 | D:8      | Noticed sveltemanboy's ghost (novice GnWn)
  8903 | D:8      | Killed sveltemanboy's ghost
  9153 | D:8      | Learned a level 2 spell: Swiftness
  9159 | D:8      | Found a staircase to the Lair.
  9443 | D:9      | Found a stormy altar of Qazlal.
  9508 | D:9      | Reached skill level 1 in Invocations
 10282 | D:9      | Received a gift from Okawaru
 10282 | D:9      | Reached XP level 11. HP: 92/127 MP: 9/13
 10419 | D:10     | Entered Level 10 of the Dungeon
 10534 | D:10     | Noticed Erica
 10535 | D:10     | Noticed a fire dragon
 10843 | Lair:1   | Entered Level 1 of the Lair of Beasts
 11574 | Lair:1   | Noticed a four-headed hydra
 11583 | Lair:1   | Killed a four-headed hydra
 11583 | Lair:1   | Reached skill level 5 in Dodging
 12080 | Lair:1   | Reached skill level 14 in Fighting
 12537 | Lair:2   | Got a pitted arbalest
 12538 | Lair:2   | Identified the +2 arbalest of Cataclysm {venom, rF+ rN+ Int+3 Stlth+} (You found it on level 2 of the Lair of Beasts)
 12654 | Lair:2   | Reached skill level 1 in Evocations
 12866 | Lair:2   | Received a gift from Okawaru
 13273 | Lair:2   | Found a staircase to the Shoals.
 13273 | Lair:2   | Noticed a manticore
 13280 | Lair:2   | Killed a manticore
 13462 | Lair:2   | Reached ****** piety under Okawaru
 13582 | Lair:2   | Noticed a six-headed hydra
 13589 | Lair:2   | Killed a six-headed hydra
 13589 | Lair:2   | Received a gift from Okawaru
 13589 | Lair:2   | Reached skill level 5 in Invocations
 13843 | Lair:2   | Noticed an oklob plant
 13876 | Lair:2   | Noticed an oklob plant
 14038 | Lair:2   | Reached XP level 12. HP: 10/140 MP: 13/15
 15889 | Lair:3   | Reached skill level 1 in Throwing
 17252 | Lair:4   | Found a labyrinth entrance.
 17268 | Lab      | Entered a labyrinth
 19062 | Lab      | Noticed a minotaur
 19071 | Lab      | Killed a minotaur
 19071 | Lab      | Received a gift from Okawaru
 19072 | Lab      | Identified the Handbook of Venom and Black Arts
 19072 | Lab      | Identified Kikubaaqudgha's Disquisition on Black Rites
 19302 | Lair:4   | Identified the +5 spear of True Grit {antimagic, rN+ Str+2} (You found it on level 4 of the Lair of Beasts)
 19311 | Lair:4   | Gained mutation: You are robust. (+10% HP) [potion of mutation]
 19311 | Lair:4   | Gained mutation: Scrolls take you a little longer to read. [potion of mutation]
 19311 | Lair:4   | Gained mutation: You have a pair of small antennae on your head. [potion of mutation]
 19312 | Lair:4   | Lost mutation: Scrolls take you a little longer to read. [potion of mutation]
 19312 | Lair:4   | Lost mutation: You are robust. (+10% HP) [potion of mutation]
 19312 | Lair:4   | Lost mutation: You have a pair of small antennae on your head. [potion of mutation]
 19312 | Lair:4   | Gained mutation: Your spells are a little easier to cast, but a little less powerful. [potion of mutation]
 19312 | Lair:4   | Gained mutation: You have supernaturally acute eyesight. (SInv) [potion of mutation]
 19321 | Lair:4   | Noticed Urug
 19334 | Lair:4   | Killed Urug
 19334 | Lair:4   | Received a gift from Okawaru
 19555 | Lair:4   | Noticed a seven-headed hydra
 19563 | Lair:4   | Killed a seven-headed hydra
 19805 | Lair:4   | Noticed a six-headed hydra
 19806 | Lair:4   | Noticed Snorg
 19816 | Lair:4   | Killed a six-headed hydra
 19816 | Lair:4   | Reached skill level 15 in Fighting
 19840 | Lair:4   | Killed Snorg
 19840 | Lair:4   | Reached skill level 1 in Shields
 19840 | Lair:4   | Reached XP level 13. HP: 118/149 MP: 18/18
 20079 | Lair:4   | Found a hole to the Spider Nest.
 20485 | Lair:5   | Found a staircase to the Slime Pits.
 20840 | Lair:5   | Received a gift from Okawaru
 22070 | Lair:6   | Entered Level 6 of the Lair of Beasts
 23058 | Lair:6   | Received a gift from Okawaru
 23150 | Lair:6   | Received a gift from Okawaru
 23416 | Lair:6   | Reached skill level 5 in Throwing
 23416 | Lair:6   | Reached skill level 5 in Shields
 24080 | Lair:6   | Received a gift from Okawaru
 24085 | Lair:6   | Noticed a dire elephant
 24135 | Lair:6   | Killed a dire elephant
 24135 | Lair:6   | Reached XP level 14. HP: 64/161 MP: 20/20
 24407 | Lair:6   | Noticed a dire elephant
 24407 | Lair:6   | Noticed a dire elephant
 24465 | Lair:6   | Noticed a dire elephant
 24490 | Lair:6   | Killed a dire elephant
 24505 | Lair:6   | Noticed a dire elephant
 24536 | Lair:6   | HP: 3/161 [dire elephant (30)]
 24992 | Lair:6   | Killed a dire elephant
 25173 | Lair:6   | Noticed a dire elephant
 25183 | Lair:6   | Killed a dire elephant
 25293 | Lair:6   | Killed a dire elephant
 25293 | Lair:6   | Received a gift from Okawaru
 25294 | Lair:6   | Got an encrusted scarf {god gift}
 25305 | Lair:6   | Identified the scarf of Axieluu {rPois Regen+ Int+7} (Okawaru gifted it to you on level 6 of the Lair of Beasts)
 25335 | Lair:6   | Got a twitching amber ring
 25337 | Lair:6   | Identified the ring "Cogec" {+Blink MR+} (You found it on level 6 of the Lair of Beasts)
 25388 | Lair:6   | Killed a dire elephant
 25938 | D:10     | Killed Erica
 25961 | D:10     | Found the +7 great mace "Firestarter" {inner flame, rF++}
 25987 | D:10     | Reached skill level 16 in Fighting
 26422 | D:10     | Found a staircase to the Orcish Mines.
 26847 | D:10     | Noticed Nergalle
 26857 | D:10     | Killed Nergalle
 27050 | D:10     | Noticed Psyche
 27055 | D:10     | Killed Psyche
 27120 | Orc:1    | Entered Level 1 of the Orcish Mines
 27121 | Orc:1    | Found Raocvian's Antique Armour Boutique.
 27122 | Orc:1    | Noticed Harold
 27140 | Orc:1    | Killed Harold
 27159 | Orc:1    | Received a gift from Okawaru
 27306 | Orc:1    | Found a roughly hewn altar of Beogh.
 27644 | Orc:2    | Entered Level 2 of the Orcish Mines
 27742 | Orc:2    | Found a frozen archway.
 27785 | IceCv    | Entered an ice cave
 27890 | IceCv    | Got a transparent pewter amulet
 27891 | IceCv    | Identified the amulet of the Cockatrice {+Rage rC+ rN+ MR+ Dex+3} (You found it in an ice cave)
 28305 | IceCv    | Noticed a frost giant
 28333 | IceCv    | Killed a frost giant
 28347 | IceCv    | Received a gift from Okawaru
 28369 | IceCv    | Reached XP level 15. HP: 120/171 MP: 20/22
 28552 | Orc:2    | Found a roughly hewn altar of Beogh.
 28567 | Orc:2    | Found Kadupput's Food Shop.
 28636 | Orc:2    | Found Textata's Distillery.
 28649 | Orc:2    | Bought a potion of heal wounds for 70 gold pieces
 28649 | Orc:2    | Bought a potion of heal wounds for 70 gold pieces
 28649 | Orc:2    | Bought a potion of heal wounds for 70 gold pieces
 28928 | Orc:2    | Found a staircase to the Elven Halls.
 28999 | Orc:2    | Found a roughly hewn altar of Beogh.
 29053 | Orc:2    | Found a roughly hewn altar of Beogh.
 29082 | Orc:2    | Found a roughly hewn altar of Beogh.
 29137 | Orc:2    | Found a roughly hewn altar of Beogh.
 29163 | Orc:2    | Found Gax Agg's Antique Armour Shop.
 29239 | Orc:2    | Found a roughly hewn altar of Beogh.
 29294 | Orc:2    | Noticed an orc warlord
 29685 | Orc:2    | Killed an orc warlord
 29729 | Orc:2    | Found Feewnuji's Antique Weapon Emporium.
 29733 | Orc:2    | Found Parroetz's Antique Armour Shoppe.
 29733 | Orc:2    | Found a roughly hewn altar of Beogh.
 29986 | D:11     | Noticed Grum
 29994 | D:11     | Killed Grum
 30054 | D:11     | Found a roughly hewn altar of Beogh.
 30777 | D:12     | Noticed Frances
 30780 | D:12     | Noticed Nessos
 30786 | D:12     | Killed Frances
 30786 | D:12     | Received a gift from Okawaru
 30786 | D:12     | Reached skill level 1 in Armour
 30792 | D:12     | Killed Nessos
 31097 | D:12     | Got a warped golden amulet
 31098 | D:12     | Identified the amulet of Zuhepsud {Spirit *Contam +Blink rElec rF++} (You found it on level 12 of the Dungeon)
 31200 | D:12     | Reached skill level 15 in Maces & Flails
 31704 | D:13     | Received a gift from Okawaru
 32298 | Orc:2    | Bought polished quicksilver dragon scales for 2015 gold pieces
 32308 | Orc:2    | Identified the quicksilver dragon scales of the Worm {rPois rC++ MR+ Str-3} (You bought it in a shop on level 2 of the Orcish Mines)
 32717 | D:13     | Noticed Josephine
 32729 | D:13     | Killed Josephine
 32746 | D:13     | Reached skill level 17 in Fighting
 32825 | D:13     | Found an ancient bone altar of Kikubaaqudgha.
 33477 | D:14     | Noticed Rupert
 33491 | D:14     | Killed Rupert
 33491 | D:14     | Reached XP level 16. HP: 177/183 MP: 15/23
 33562 | D:14     | Received a gift from Okawaru
 33710 | D:9      | Got a pitted hat {god gift}
 33721 | D:9      | Identified the +1 hat "Nesiun" {Slay+2} (Okawaru gifted it to you on level 9 of the Dungeon)
 34159 | D:14     | Found a gate to the Vaults.
 34302 | D:14     | Reached skill level 10 in Shields
 34468 | D:14     | Noticed Kirke
 34483 | D:14     | Killed Kirke
 34773 | D:15     | Entered Level 15 of the Dungeon
 34781 | D:15     | Received a gift from Okawaru
 34958 | D:15     | Noticed Louise
 35033 | D:15     | Killed Louise
 35079 | D:15     | Found a staircase to the Depths.
 35219 | D:15     | Reached skill level 5 in Spellcasting
 35219 | D:15     | Reached XP level 17. HP: 172/191 MP: 23/25
 35220 | D:15     | Reached XP level 18. HP: 181/200 MP: 23/30
 35502 | D:15     | Received a gift from Okawaru
 35859 | Spider:1 | Entered Level 1 of the Spider Nest
 36318 | Spider:1 | Noticed Roxanne
 36342 | Spider:1 | Killed Roxanne
 38549 | Spider:3 | Reached XP level 19. HP: 209/210 MP: 31/31
 38601 | Spider:3 | Received a gift from Okawaru
 38954 | Spider:3 | Received a gift from Okawaru
 39145 | Spider:3 | Noticed Arachne
 39170 | Spider:3 | Killed Arachne
 39170 | Spider:3 | Reached skill level 18 in Fighting
 39170 | Spider:3 | Reached skill level 5 in Armour
 39292 | Spider:3 | Noticed Aizul
 39310 | Spider:3 | Killed Aizul
 39728 | Spider:4 | Entered Level 4 of the Spider Nest
 39791 | Spider:4 | Reached skill level 1 in Charms
 39879 | Spider:4 | Received a gift from Okawaru
 39879 | Spider:4 | Reached skill level 1 in Air Magic
 40553 | Spider:4 | Received a gift from Okawaru
 40638 | Spider:4 | Received a gift from Okawaru
 40890 | Spider:4 | Got a gossamer rune of Zot
 41229 | Shoals:1 | Entered Level 1 of the Shoals
 41381 | Shoals:1 | Reached skill level 10 in Throwing
 43123 | Shoals:3 | Received a gift from Okawaru
 43127 | Shoals:3 | Reached XP level 20. HP: 145/223 MP: 32/32
 43389 | Shoals:4 | Entered Level 4 of the Shoals
 43704 | Shoals:4 | Identified a scroll of acquirement
 44128 | Shoals:4 | Noticed Ilsuiw
 44159 | Shoals:4 | Killed Ilsuiw
 44828 | Shoals:4 | Got a barnacled rune of Zot
 45303 | Elf:1    | Entered Level 1 of the Elven Halls
 45441 | Elf:1    | Received a gift from Okawaru
 45452 | Elf:1    | Found Silil's Armour Boutique.
 45713 | Elf:1    | Found Zorch's Antique Armour Boutique.
 45720 | Elf:1    | Found Kuonne Nuem's Magic Scroll Shop.
 45730 | Elf:1    | Bought a scroll of acquirement for 624 gold pieces
 45731 | Elf:1    | Got a scorched hat
 45742 | Elf:1    | Identified the -1 hat of Lugonu's Castigation {rC- rN+ Dex+4} (You acquired it on level 1 of the Elven Halls)
 46249 | Elf:1    | Learned a level 5 spell: Silence
 46256 | Elf:1    | Learned a level 6 spell: Deflect Missiles
 46732 | Elf:2    | Reached skill level 1 in Hexes
 47003 | Elf:2    | Reached skill level 19 in Fighting
 47051 | Elf:2    | Found a huge runed gate.
 47051 | Elf:2    | Found a huge runed gate.
 47052 | Elf:2    | Found a huge runed gate.
 47053 | Elf:2    | Found a huge runed gate.
 47063 | Elf:2    | Found a huge runed gate.
 47182 | Elf:2    | Received a gift from Okawaru
 47446 | Elf:2    | Received a gift from Okawaru
 47591 | Elf:2    | Reached XP level 21. HP: 222/234 MP: 33/33
 47889 | Elf:3    | Entered Level 3 of the Elven Halls
 47958 | Elf:3    | Reached skill level 5 in Charms
 48066 | Elf:3    | Reached skill level 5 in Air Magic
 48402 | Elf:3    | Received a gift from Okawaru
 48431 | Elf:3    | Received a gift from Okawaru
 48459 | Elf:3    | Received a gift from Okawaru
 48505 | Elf:3    | Received a gift from Okawaru
 49154 | Elf:3    | Got a translucent tin ring
 49207 | Elf:3    | Learned a level 2 spell: Blink
 49210 | Elf:3    | Got a scorched amber ring
 49217 | Elf:3    | Got a steaming lead ring
 49223 | Elf:3    | Identified the Almanac of Flight
 49296 | Elf:3    | Learned a level 3 spell: Lesser Beckoning
 49301 | Elf:3    | Learned a level 4 spell: Passage of Golubria
 49359 | Elf:3    | Identified the ring "Seiqed" {-Tele +Fly rF+ rC+ Dex+3} (You found it on level 3 of the Elven Halls)
 49360 | Elf:3    | Identified the ring "Emos" {*Tele MR+ Str+3} (You found it on level 3 of the Elven Halls)
 49361 | Elf:3    | Identified the ring "Wumeamew" {+Inv +Fly rPois Dex-5 Slay+2} (You took it off a deep elf demonologist on level 3 of the Elven Halls)
 49805 | Vaults:1 | Entered Level 1 of the Vaults
 49832 | Vaults:1 | Received a gift from Okawaru
 50019 | Vaults:1 | Reached skill level 1 in Translocations
 50491 | Vaults:1 | Got a flickering pewter ring
 50618 | Vaults:1 | Received a gift from Okawaru
 50677 | Vaults:1 | Received a gift from Okawaru
 50810 | Vaults:1 | Reached XP level 22. HP: 230/244 MP: 35/35
 51353 | Vaults:1 | Found Vipsilyvo's Antique Weapon Shoppe.
 51712 | Vaults:2 | Reached skill level 5 in Hexes
 51712 | Vaults:2 | Reached skill level 5 in Translocations
 51733 | Vaults:2 | Noticed Xtahua
 51951 | Vaults:1 | Identified the ring of the City {rC+ Str+3 Stlth-} (You took it off a necromancer on level 1 of the Vaults)
 52464 | Vaults:2 | Killed Xtahua
 52680 | Vaults:2 | Received a gift from Okawaru
 52683 | Vaults:2 | Reached skill level 20 in Fighting
 53089 | Vaults:2 | Reached skill level 10 in Spellcasting
 53170 | Vaults:2 | Received a gift from Okawaru
 53457 | Vaults:2 | Received a gift from Okawaru
 53705 | Vaults:3 | Found Vineschu's Food Boutique.
 53780 | Vaults:3 | Received a gift from Okawaru
 54225 | Vaults:3 | Received a gift from Okawaru
 54421 | Vaults:3 | Reached XP level 23. HP: 251/257 MP: 37/37
 54497 | Vaults:3 | Found a staircase to the Crypt.
 54928 | Vaults:3 | Found Unisk's Distillery.
 54946 | Vaults:3 | Bought a potion of curing for 45 gold pieces
 54946 | Vaults:3 | Bought a potion of curing for 45 gold pieces
 54946 | Vaults:3 | Bought a potion of heal wounds for 75 gold pieces
 55574 | Vaults:3 | Found Voacwua's Armour Shop.
 55596 | Vaults:3 | Received a gift from Okawaru
 55850 | Vaults:3 | Found a bloodstained altar of Trog.
 55865 | Vaults:3 | Found Siac's Assorted Antiques.
 55873 | Vaults:3 | Bought 2 potions of heal wounds for 350 gold pieces
 55978 | Vaults:4 | Found Dyeror's Weapon Boutique.
 56197 | Vaults:4 | Received a gift from Okawaru
 56452 | Vaults:4 | Found Yzot's Assorted Antiques.
 56460 | Vaults:4 | Found a white marble altar of Elyvilon.
 56462 | Vaults:4 | Bought a scroll labeled IVICEZXUJU for 22 gold pieces
 57252 | Vaults:4 | Found Gottyig's Antique Armour Emporium.
 57270 | Vaults:4 | Bought a runed scarf for 288 gold pieces
 57270 | Vaults:4 | Bought a runed troll leather armour for 648 gold pieces
 58054 | D:6      | Fell from the grace of Okawaru
 58054 | D:6      | Became a worshipper of the Shining One
 58352 | Crypt:1  | Entered Level 1 of the Crypt
 58534 | Crypt:1  | Reached * piety under the Shining One
 58989 | Crypt:1  | Reached ** piety under the Shining One
 59409 | Crypt:1  | Reached *** piety under the Shining One
 59655 | Crypt:2  | Noticed Bai Suzhen
 59666 | Crypt:1  | Reached **** piety under the Shining One
 59666 | Crypt:1  | Reached XP level 24. HP: 224/266 MP: 34/38
 59723 | Crypt:1  | Reached skill level 10 in Translocations
 59750 | Crypt:1  | Killed Bai Suzhen
 59750 | Crypt:1  | Reached skill level 21 in Fighting
 60019 | Crypt:2  | Reached ***** piety under the Shining One
 60683 | Crypt:3  | Entered Level 3 of the Crypt
 60734 | Crypt:3  | Reached ****** piety under the Shining One
 60734 | Crypt:3  | Identified a +7 eveningstar of holy wrath (a +5 eveningstar of protection blessed by the Shining One)
 60734 | Crypt:3  | Received a gift from the Shining One
 60810 | Crypt:3  | Reached skill level 10 in Invocations
 60822 | Crypt:3  | Found a basalt altar of Yredelemnul.
 61299 | Crypt:3  | Reached skill level 10 in Charms
 61360 | Crypt:3  | Found the +8 demon blade "Leech" {vamp, rN+ AC-3 EV-3}
 61430 | Crypt:3  | Found a staircase to the Tomb.
 61430 | Crypt:3  | Noticed an ancient lich
 61438 | Crypt:3  | Killed an ancient lich
 61528 | Crypt:3  | Got an encrusted morningstar
 61529 | Crypt:3  | Identified the +7 morningstar of the Fulmar {freeze, Int+4 Dex+4} (You found it on level 3 of the Crypt)
 61659 | Crypt:3  | Reached skill level 10 in Air Magic
 62259 | Depths:1 | Entered Level 1 of the Depths
 62757 | Depths:1 | Reached XP level 25. HP: 117/278 MP: 20/39
 62766 | Depths:1 | Found a gateway to Hell.
 63063 | Depths:1 | Noticed the Enchantress
 63115 | Depths:1 | Killed the Enchantress
 63407 | Depths:1 | Got faerie dragon scales
 63408 | Depths:1 | Identified the +1 faerie dragon scales {rC- MR+++ rCorr Slay+2 Stlth+} (You took it off the Enchantress on level 1 of the Depths)
 64081 | Depths:1 | Found a one-way gate leading to the halls of Pandemonium.
 65567 | Depths:2 | Was forgiven by Okawaru
 66071 | Depths:2 | Reached skill level 22 in Fighting
 66221 | Depths:2 | Got a sparkling lead ring
 66290 | Depths:2 | Got a glittering copper amulet
 66291 | Depths:2 | Identified the amulet "Lodat" {+Rage rN+} (You found it on level 2 of the Depths)
 66292 | Depths:2 | Identified the ring "Moesep Fubo" {rPois rF+ MR+++ Int+7 Slay-4} (You found it on level 2 of the Depths)
 67085 | Depths:3 | Reached XP level 26. HP: 263/292 MP: 36/40
 67787 | Depths:4 | Found a runed door.
 67811 | Depths:4 | Noticed a juggernaut
 68201 | Depths:4 | Killed a juggernaut
 68233 | Depths:4 | Found a runed door.
 68741 | Elf:3    | Got a bloodstained eveningstar
 68742 | Elf:3    | Identified the +2 eveningstar of Uncomfortable Rashes {crush, +Fly rPois Int-5} (You found it on level 3 of the Elven Halls)
 69159 | Crypt:1  | Got a silken robe
 69160 | Crypt:1  | Identified the +2 robe of Ugaedat {+Fly} (You took it off a wight on level 1 of the Crypt)
 69402 | Depths:4 | Found a runed door.
 69410 | Depths:4 | Found a runed door.
 69414 | Depths:4 | Got a glittering garnet amulet
 69416 | Depths:4 | Got a twitching copper ring
 69479 | Depths:4 | Identified the amulet of Megalomania {Faith Int+3 Dex+6} (You found it on level 4 of the Depths)
 69480 | Depths:4 | Identified the ring of Xycuama {rF+ rC+ Slay+5 Stlth+} (You found it on level 4 of the Depths)
 70210 | Depths:4 | Found a gateway to a ziggurat.
 70210 | Depths:4 | Paralysed by a floating eye for 3 turns
 70218 | Depths:4 | Paralysed by a floating eye for 4 turns
 70301 | Depths:4 | Paralysed by a floating eye for 2 turns
 70312 | Depths:4 | Paralysed by a floating eye for 2 turns
 70388 | Zig:1    | Entered Level 1 of a ziggurat
 70408 | Zig:2    | Entered Level 2 of a ziggurat
 70434 | Zig:3    | Entered Level 3 of a ziggurat
 70437 | Zig:3    | Noticed an ancient lich
 70449 | Zig:3    | Killed an ancient lich
 70461 | Zig:4    | Entered Level 4 of a ziggurat
 70465 | Zig:4    | Noticed Cuschu Seits the pandemonium lord
 70477 | Zig:4    | Killed Cuschu Seits the pandemonium lord
 70513 | Zig:5    | Entered Level 5 of a ziggurat
 70818 | Zig:6    | Entered Level 6 of a ziggurat
 70824 | Zig:6    | Found the +2 shield of Resistance {rF+ rC+ MR+}
 70844 | Zig:6    | Reached skill level 10 in Armour
 70890 | Zig:7    | Entered Level 7 of a ziggurat
 70985 | Zig:7    | Got a twitching bone ring
 70988 | Zig:7    | Got a flickering granite ring
 70991 | Zig:7    | Got a faintly glowing copper ring
 70998 | Zig:7    | Identified the ring "Myrghypoa" {Ice Dex+3} (You found it on level 7 of a ziggurat)
 70999 | Zig:7    | Identified the ring "Kumome" {rCorr rN++ Stlth+} (You found it on level 7 of a ziggurat)
 71000 | Zig:7    | Identified the ring of Nodink {Wiz rN++ MR+} (You found it on level 7 of a ziggurat)
 71006 | Zig:8    | Entered Level 8 of a ziggurat
 71025 | Zig:8    | Noticed an ancient lich
 71029 | Zig:8    | Reached XP level 27. HP: 268/300 MP: 36/41
 71035 | Zig:8    | Killed an ancient lich
 71299 | Zig:9    | Entered Level 9 of a ziggurat
 71450 | Depths:4 | Found a one-way gate to the infinite horrors of the Abyss.
 71883 | Depths:4 | Noticed Saint Roka
 71894 | Depths:4 | Killed Saint Roka
 72368 | Depths:4 | Voluntarily entered the Abyss.
 72423 | Abyss:1  | Reached skill level 15 in Shields
 72895 | Abyss:3  | Reached skill level 23 in Fighting
 72947 | Abyss:3  | Got an abyssal rune of Zot
 72984 | Depths:4 | Escaped the Abyss
 73219 | Vaults:5 | Entered Level 5 of the Vaults
 73275 | Vaults:5 | Reached skill level 15 in Spellcasting
 73624 | Vaults:5 | Got a silver rune of Zot
 73885 | Vaults:5 | Reached skill level 10 in Dodging
 73886 | Vaults:5 | Noticed Margery
 73935 | Vaults:5 | Killed Margery
 74820 | Vaults:5 | Identified the amulet "Dopryhoi" {Reflect +Inv rN+ SH+2 Stlth+} (You took it off a vault guard on level 5 of the Vaults)
 74856 | Vaults:5 | Noticed Frederick
 74873 | Vaults:5 | Killed Frederick
 75225 | Vaults:5 | Got a steaming cloak
 75226 | Vaults:5 | Identified the +1 cloak of Disappointment {Dex+4} (You found it on level 5 of the Vaults)
 75624 | Depths:5 | Entered Level 5 of the Depths
 75641 | Depths:5 | Noticed Mennas
 75763 | Depths:4 | Killed Mennas
 75923 | Depths:5 | Noticed a juggernaut
 76081 | Depths:4 | Killed a juggernaut
 76150 | Depths:5 | Paralysed by a floating eye for 2 turns
 77195 | Depths:5 | Found a gate to the Realm of Zot.
 77514 | Hell     | Entered the Vestibule of Hell
 77514 | Hell     | Noticed Geryon
 77532 | Hell     | Killed Geryon
 77826 | Hell     | Reached skill level 24 in Fighting
 78585 | Hell     | Found a gateway to the decaying netherworld of Tartarus.
 78627 | Hell     | Found a gateway to the freezing wastes of Cocytus.
 78733 | Hell     | Found a gateway to the Iron City of Dis.
 78792 | Hell     | Found a gateway to the ashen valley of Gehenna.
 78993 | Zot:1    | Entered Level 1 of the Realm of Zot
 79508 | Zot:1    | Noticed Tiamat
 79543 | Zot:1    | Killed Tiamat
 80873 | Zot:2    | Found the +2 ratskin cloak {+Rats rPois rN+ Str-1 Int-1 Dex+1}
 81344 | Zot:2    | Got a transparent amethyst amulet
 81345 | Zot:2    | Identified the amulet of Xetug {Gourm +Fly Stlth+} (You acquired it on level 2 of the Realm of Zot)
 82225 | Zot:3    | Noticed an orb of fire
 82235 | Zot:3    | Gained mutation: You do not regenerate when monsters are visible. [an orb of fire]
 82240 | Zot:3    | Killed an orb of fire
 82264 | Zot:3    | Reached skill level 25 in Fighting
 82623 | Depths:4 | Lost mutation: Your spells are a little easier to cast, but a little less powerful. [potion of mutation]
 82623 | Depths:4 | Lost mutation: You do not regenerate when monsters are visible. [potion of mutation]
 82623 | Depths:4 | Lost mutation: You have supernaturally acute eyesight. (SInv) [potion of mutation]
 82623 | Depths:4 | Gained mutation: Your flesh is heat resistant. (rF+) [potion of mutation]
 82623 | Depths:4 | Gained mutation: Your magical capacity is low. (-10% MP) [potion of mutation]
 82623 | Depths:4 | Gained mutation: You are surrounded by a mild repulsion field. (EV +2) [potion of mutation]
 84452 | Zot:5    | Entered Level 5 of the Realm of Zot
 84465 | Zot:5    | Found a huge runed gate.
 84465 | Zot:5    | Found a huge runed gate.
 84465 | Zot:5    | Found a huge runed gate.
 84465 | Zot:5    | Found a huge runed gate.
 84465 | Zot:5    | Found a huge runed gate.
 84465 | Zot:5    | Found a huge runed gate.
 84465 | Zot:5    | Found a huge runed gate.
 84465 | Zot:5    | Found a huge runed gate.
 84467 | Zot:5    | Found a huge runed gate.
 84467 | Zot:5    | Found a huge runed gate.
 84468 | Zot:5    | Found a huge runed gate.
 84469 | Zot:5    | Found a huge runed gate.
 84470 | Zot:5    | Found a huge runed gate.
 84471 | Zot:5    | Found a huge runed gate.
 84472 | Zot:5    | Found a huge runed gate.
 84473 | Zot:5    | Found a huge runed gate.
 84474 | Zot:5    | Found a huge runed gate.
 84482 | Zot:5    | Found a huge runed gate.
 84482 | Zot:5    | Found a huge runed gate.
 84482 | Zot:5    | Found a huge runed gate.
 84482 | Zot:5    | Found a huge runed gate.
 84482 | Zot:5    | Found a huge runed gate.
 84482 | Zot:5    | Found a huge runed gate.
 84482 | Zot:5    | Found a huge runed gate.
 84498 | Zot:5    | Found a huge runed gate.
 84509 | Zot:5    | Found a huge runed gate.
 84513 | Zot:5    | Found a huge runed gate.
 84513 | Zot:5    | Found a huge runed gate.
 84513 | Zot:5    | Found a huge runed gate.
 84513 | Zot:5    | Found a huge runed gate.
 84513 | Zot:5    | Found a huge runed gate.
 84513 | Zot:5    | Found a huge runed gate.
 84648 | Zot:5    | Noticed an orb of fire
 84674 | Zot:5    | Noticed an orb of fire
 84688 | Zot:5    | Gained mutation: Your body sometimes deteriorates upon taking damage. [an orb of fire]
 84696 | Zot:5    | Gained mutation: Your magical capacity is very low. (-20% MP) [an orb of fire]
 84701 | Zot:5    | Killed an orb of fire
 84728 | Zot:5    | Reached skill level 15 in Throwing
 84736 | Zot:5    | Reached skill level 15 in Armour
 84973 | Zot:5    | Noticed an orb of fire
 84975 | Zot:5    | Gained mutation: Your flesh is very heat resistant. (rF++) [an orb of fire]
 84978 | Zot:5    | Gained mutation: Armour fits poorly on your strangely shaped body. [an orb of fire]
 84980 | Zot:5    | Gained mutation: Scrolls take you a little longer to read. [an orb of fire]
 84983 | Zot:5    | Killed an orb of fire
 85026 | Zot:5    | Noticed an orb of fire
 85033 | Zot:5    | Noticed an ancient lich
 85035 | Zot:5    | Killed an orb of fire
 85036 | Zot:5    | Noticed an ancient lich
 85056 | Zot:5    | Killed an ancient lich
 85150 | Zot:5    | Noticed an orb of fire
 85150 | Zot:5    | Gained mutation: Potions are less effective at restoring your health. [an orb of fire]
 85154 | Zot:5    | Killed an orb of fire
 85159 | Zot:5    | Killed an orb of fire
 85625 | Zot:5    | Noticed an ancient lich
 85633 | Zot:5    | Killed an ancient lich
 85729 | Zot:5    | Reached skill level 26 in Fighting
 85799 | Zot:5    | Killed an ancient lich
 85999 | Zot:5    | Noticed an orb of fire
 85999 | Zot:5    | Noticed an orb of fire
 86008 | Zot:4    | Gained mutation: You are frail. (-10% HP) [an orb of fire]
 86013 | Zot:4    | Gained mutation: You are resistant to hostile enchantments. (MR+) [an orb of fire]
 86014 | Zot:4    | Gained mutation: You are dopey. (Int -2) [an orb of fire]
 86021 | Zot:4    | Killed an orb of fire
 86310 | Zot:5    | HP: 12/286 [golden dragon (31)]
 86310 | Zot:5    | HP: 3/286 [purple draconian knight/halberd (9)]
 86310 | Zot:5    | Gained mutation: You are clumsy. (Dex -2) [an orb of fire]
 86311 | Zot:5    | The Shining One protects you from harm!
 86312 | Zot:5    | HP: 1/286 [ghost moth (6)]
 86312 | Zot:5    | The Shining One protects you from harm!
 86312 | Zot:5    | Demolished by a purple draconian knight

Vault maps used:
D:1:      minmay_arrival_hallway, serial_forest, infiniplex_forest_clump_long,
          infiniplex_forest_clump_small, infiniplex_forest_straight_3,
          infiniplex_forest_zigzag_1, infiniplex_forest_clump_C,
          minmay_misc_feat_iff
D:2:      lemuel_coloured_pillars_altar
D:3:      lemuel_crystal_altar, uniq_jessica, uniq_crazy_yiuf_cottage
D:4:      marbit_many_paths, first_bread, kennysheep_small_square
D:5:      overflow_temple_1_default, overflow_temple_1_default,
          nicolae_overflow_hidden_temple, temple_pool_b, gup_sewer_entry_spiral
D:6:      tso_metal_star, zin_purify, bloody_makhleb
D:7:      kennysheep_mini_moat, grunt_livestock, nicolae_ru_path_of_blood
D:8:      lair_entry_dummy, minmay_hedge_maze
D:9:      old_standard_altar
D:10:     minmay_firetagon, david_orc_3, uniq_psyche, uniq_nergalle, uniq_erica
D:11:     special_room, minmay_bent, uniq_grum
D:12:     hangedman_decor_riveting, uniq_nessos, uniq_frances
D:13:     kennysheep_doodads, fountainhead, serial_bayou_ford_a,
          lemuel_mausoleum_altar_kikubaaqudgha, uniq_josephine
D:14:     grunt_vaults_entry_tiered, kennysheep_flooded_box, minivault_25_ag,
          uniq_kirke, uniq_rupert
D:15:     gammafunk_depths_entry_grave, minmay_misc_feat_encased, uniq_louise
Lair:1:   grunt_megastairs_2
Lair:2:   minmay_shoals_entry_beasts, minmay_lindwurm_lava, lemuel_fruit_tree,
          minmay_lair_oklob_chamber, lemuel_fruit_fields
Lair:3:   beast_lair_carwin_6
Lair:4:   spider_nest_entry_funnel_web, lab_entry_generic,
          infiniplex_staircase_pool_2, uniq_urug, uniq_snorg
Lair:5:   slime_dummy, grunt_megastairs_1
Lair:6:   due_jungle_book, serial_bayou_shore_b, serial_bayou_shore_b,
          grunt_megastairs_4
Shoals:3: nicolae_shoals_hunting_party
Shoals:4: shoals_end_simple, shoals_ilsuiw_alternative
Spider:1: hangedman_spider_tarantella_strand, uniq_roxanne
Spider:3: spider_trap, uniq_aizul, uniq_arachne
Spider:4: grunt_spider_rune_circles
Orc:1:    serial_shops, shop, basic_altar, uniq_harold
Orc:2:    grunt_orc_community_town_hall, grunt_orc_community_big_house_2,
          grunt_orc_community_big_house_2, grunt_orc_community_house_1,
          grunt_orc_community_house_3, grunt_orc_community_house_2,
          grunt_orc_community_house_2, grunt_orc_community_house_1,
          grunt_orc_community_house_1, portal_ice_cave_entry_imps, serial_shops,
          nicolae_shop_crystal
Elf:1:    serial_shops, nicolae_shop_behind_doors, minmay_shoptagon
Elf:3:    minmay_elf_hall_dome
Vaults:1: st_eye, hangedman_vaults_locks, vaults_room_semicircle,
          grunt_vaults_focal, grunt_vaults_diagonal,
          nicolae_vaults_little_squares_1, nicolae_vaults_little_squares_6,
          v_misc_30, nicolae_vaults_bisected_exclaves, v_misc_24,
          nicolae_vaults_sealed_display, nicolae_vaults_windows_and_doors_thing,
          nicolae_vaults_angled_halls, serial_shops, shop
Vaults:2: v_misc_29, hangedman_vaults_cutoff, hangedman_vaults_variations,
          nicolae_vaults_stairing_the_circle, vaults_mumra_minichess_inversion,
          nicolae_vaults_alarming, nicolae_vaults_circle_grid_a,
          ontoclasm_vaults_ring_small, ontoclasm_vaults_ring_small,
          vaults_dpeg_encased_lava, uniq_xtahua
Vaults:3: blue_anna_dwarven_crypt, nicolae_vaults_branching_niches,
          nicolae_vaults_twisting_passages, grunt_vaults_bifocal,
          nicolae_vaults_circle_grid_a, vaults_room_boxed,
          nicolae_vaults_little_squares_5, vaults_room_fancy_cross,
          vaults_room_grid, nicolae_vaults_ring_of_whatevers,
          grunt_vaults_twisty, ontoclasm_vaults_ligature,
          ontoclasm_vaults_ring_small, basic_altar, serial_shops, shop,
          nicolae_shop_stone, nicolae_shop_statue_plus, shop
Vaults:4: nicolae_vaults_little_squares_1, ontoclasm_vaults_loading_screen,
          nicolae_vaults_angled_halls, hangedman_vaults_nodes,
          nicolae_vaults_ring_of_whatevers, v_misc_16,
          nicolae_vaults_network_square, v_misc_19, v_rooms_3,
          hangedman_vaults_capsules, nicolae_vaults_yaktaur_gun_rack,
          serial_shops, shop, nicolae_shop_waterfront, shop, basic_altar
Vaults:5: uniq_margery, uniq_frederick
Crypt:1:  feat_on_display
Crypt:2:  uniq_bai_suzhen
Crypt:3:  grunt_crypt_end_deaths_head
Depths:1: hellmouth_1, wad_floor_pattern_untrapped, pan_entry,
          kennysheep_generic_room_10, uniq_enchantress
Depths:2: minmay_nine_rooms, pf_dread_powers_of_hell, grunt_ministairs_14,
          nicolae_sextant
Depths:3: thingy_vault, rand_demon_pan_entry_3, hell_entry, minmay_misc_feat_x,
          st_stairs_10, firewood_loft, serial_bayou_shore_a
Depths:4: impenetrable_vault, enter_ziggurat_d, hangedman_abyss_entry_splay,
          grunt_hell_entry_demonic_statue, hangedman_decor_opposing,
          minmay_variable_closet, minmay_acid_items, minmay_staircase_bubble,
          uniq_saint_roka
Depths:5: grunt_runaround, hell_entry, uniq_mennas
Zot:1:    kennysheep_blocky_room, uniq_tiamat
Zot:2:    st_stairs_1
Zot:3:    hangedman_elemental_grid_stream
Zot:5:    nicolae_lava_and_water, door_vault
Abyss:1:  evilmike_abyss_exit_kraken
Abyss:3:  hangedman_abyss_exit_choices, hangedman_abyss_or_decor_stagger,
          hangedman_abyss_stitches_cave, grunt_abyss_rune_wretched_hive
Zig:4:    ziggurat_pillar_centre_c
Lab:      nicolae_lab_do_over, nicolae_lab_starburst,
          labyrinth_skeletal_remains, nicolae_lab_statue, nicolae_lab_dead_end
IceCv:    ice_cave_caverns_03

Skill      XL: |  1  2  3  4  5  6  7  8  9 10 11 12 13 14 15 16 17 18 19 20 21 22 23 24 25 26 27 |
---------------+----------------------------------------------------------------------------------+-----
Maces & Flails | 3 4 5 7 9 11 12 13 14 15 16 17 18 21 | 21.3
Fighting       | 5 6 8 10 11 12 13 14 15 16 17 18 19 20 21 22 26 | 26.1
Dodging        | 4 5 6 7 8 14 | 14.2
Invocations    | 2 5 6 8 9 10 11 12 14 | 14.8
Evocations     | 2 3 4 |  4.2
Throwing       | 3 5 6 8 9 10 11 16 | 16.0
Shields        | 1 5 7 9 10 11 12 13 14 18 | 18.1
Armour         | 2 3 4 6 7 8 10 15 | 15.7
Spellcasting   | 5 8 9 10 11 12 13 14 15 | 15.6
Charms         | 3 4 6 7 9 10 11 14 | 14.4
Air Magic      | 3 4 6 7 9 10 11 14 | 14.4
Hexes          | 2 4 6 7 9 |  9.6
Translocations | 3 7 9 10 | 10.3
Stealth        | |  1.4

Action                   |  1- 3 |  4- 6 |  7- 9 | 10-12 | 13-15 | 16-18 | 19-21 | 22-24 | 25-27 || total
-------------------------+-------+-------+-------+-------+-------+-------+-------+-------+-------++-------
Melee: Mace              |    87 |     8 |       |       |       |       |       |       |       ||    95
       Quarterstaff      |       |   120 |   220 |    77 |       |       |       |       |       ||   417
       Giant spiked club |       |       |     3 |   380 |       |       |       |       |       ||   383
       Demon whip        |       |       |       |    12 |  1542 |   680 |  2009 |  1255 |       ||  5498
       Great mace        |       |       |       |       |   105 |       |       |       |       ||   105
       Eveningstar       |       |       |       |       |       |       |       |  1093 |  4098 ||  5191
Throw: Javelin           |       |       |       |    27 |     3 |       |       |       |       ||    30
       Large rock        |       |       |       |       |    19 |     6 |    16 |     2 |    77 ||   120
 Cast: Swiftness         |       |       |       |       |     1 |       |       |       |       ||     1
       Passage of Golubr |       |       |       |       |       |       |       |     1 |     1 ||     2
       Silence           |       |       |       |       |       |       |       |     2 |     3 ||     5
       Blink             |       |       |       |       |       |       |       |       |     2 ||     2
       Deflect Missiles  |       |       |       |       |       |       |       |       |     2 ||     2
Invok: Heroism           |       |       |       |     5 |     2 |       |     2 |       |       ||     9
       Finesse           |       |       |       |     1 |     2 |       |     1 |       |       ||     4
       Brand Weapon With |       |       |       |       |       |       |       |     1 |       ||     1
       Cleansing Flame   |       |       |       |       |       |       |       |       |     4 ||     4
Evoke: Wand              |       |     1 |    10 |     8 |       |       |       |       |     4 ||    23
  Use: Scroll            |       |     4 |     7 |     8 |    16 |     1 |    13 |     9 |    32 ||    90
       Potion            |       |       |       |    13 |     6 |     2 |     2 |     2 |    12 ||    37
 Stab: Sleeping          |     1 |     2 |     3 |     2 |     5 |       |       |       |       ||    13
       Confused          |       |     2 |     1 |       |       |       |       |       |       ||     3
       Petrifying        |       |       |     1 |       |       |       |       |       |       ||     1
       Distracted        |       |       |     1 |       |       |       |       |       |       ||     1
       Paralysed         |       |       |       |     2 |       |       |       |       |       ||     2
       Fleeing           |       |       |       |       |       |       |     2 |       |       ||     2
  Eat: Chunk             |     1 |     8 |    10 |    28 |    35 |    10 |    36 |    25 |    45 ||   198
       Fruit             |       |       |     3 |     4 |       |       |       |     5 |    14 ||    26
       Meat ration       |       |       |     2 |     1 |     2 |     2 |       |     2 |     3 ||    12
       Royal jelly       |       |       |       |     1 |       |       |     1 |     1 |     4 ||     7
Armor: Robe              |    32 |    43 |    62 |   123 |    35 |       |       |       |       ||   295
       Fire dragon scale |       |       |       |       |    29 |       |       |       |       ||    29
       Troll leather arm |       |       |       |       |    48 |       |       |       |       ||    48
       Skin              |       |       |       |       |     8 |       |       |       |       ||     8
       Quicksilver drago |       |       |       |       |    19 |   129 |   293 |   321 |   664 ||  1426
Dodge: Dodged            |    61 |    88 |   103 |   275 |   291 |   110 |   348 |   343 |   964 ||  2583
       Deflected         |       |       |       |       |       |       |       |       |    11 ||    11
Block: Other             |       |    14 |    19 |     3 |       |       |       |       |       ||    36
       Reflection        |       |     1 |       |       |    43 |     9 |   151 |   125 |   152 ||   481
       Large shield      |       |       |       |     4 |   476 |   563 |  1574 |  2013 |  4384 ||  9014
       Shield            |       |       |       |       |   245 |       |       |       |       ||   245

Table legend:
 A = Spawn XP
 B = Non-spawn XP
 C = Spawn XP percentage of total XP
 D = Spawn monster count
 E = Non-spawn monster count
 F = Spawn count percentage of total count
 G = Total turns spent on level
                    A         B        C        D         E        F      G
               +---------+---------+-------+---------+---------+-------+---------
         Total |    7826 | 2112464 |   0.4 |      19 |    2815 |   0.7 | 86312
               +---------+---------+-------+---------+---------+-------+---------
           D:1 |       0 |      31 |   0.0 |       0 |      14 |   0.0 |   661
           D:2 |       0 |      53 |   0.0 |       0 |      12 |   0.0 |   725
           D:3 |       0 |     137 |   0.0 |       0 |      15 |   0.0 |  1338
           D:4 |       0 |     155 |   0.0 |       0 |      11 |   0.0 |   975
           D:5 |       0 |     498 |   0.0 |       0 |      24 |   0.0 |   790
           D:6 |       0 |     415 |   0.0 |       0 |      18 |   0.0 |  1489
           D:7 |       0 |    2695 |   0.0 |       0 |      30 |   0.0 |  1987
           D:8 |       0 |    3096 |   0.0 |       0 |      24 |   0.0 |  1882
           D:9 |       0 |    2302 |   0.0 |       0 |      24 |   0.0 |  1296
          D:10 |       0 |    6569 |   0.0 |       0 |      38 |   0.0 |  1578
          D:11 |       0 |    7237 |   0.0 |       0 |      60 |   0.0 |  1151
          D:12 |       0 |    6878 |   0.0 |       0 |      19 |   0.0 |   800
          D:13 |       0 |   13949 |   0.0 |       0 |      81 |   0.0 |  1650
          D:14 |       0 |   22747 |   0.0 |       0 |      68 |   0.0 |  1659
          D:15 |       0 |   13256 |   0.0 |       0 |      31 |   0.0 |  1041
        Lair:1 |       0 |    4469 |   0.0 |       0 |      20 |   0.0 |  2344
        Lair:2 |       0 |    6132 |   0.0 |       0 |      20 |   0.0 |  2757
        Lair:3 |       0 |    2974 |   0.0 |       0 |      12 |   0.0 |  1817
        Lair:4 |       0 |    6882 |   0.0 |       0 |      21 |   0.0 |  1452
        Lair:5 |       0 |   10569 |   0.0 |       0 |      40 |   0.0 |  2875
        Lair:6 |       0 |   19455 |   0.0 |       0 |      34 |   0.0 |  2474
      Shoals:1 |       0 |    8828 |   0.0 |       0 |      19 |   0.0 |   604
      Shoals:2 |       0 |    5255 |   0.0 |       0 |      12 |   0.0 |   504
      Shoals:3 |       0 |   15622 |   0.0 |       0 |      29 |   0.0 |  1227
      Shoals:4 |       0 |   40651 |   0.0 |       0 |      71 |   0.0 |  1604
      Spider:1 |       0 |    7602 |   0.0 |       0 |      17 |   0.0 |  1415
      Spider:2 |       0 |   12717 |   0.0 |       0 |      32 |   0.0 |   890
      Spider:3 |       0 |   31956 |   0.0 |       0 |      75 |   0.0 |  1782
      Spider:4 |       0 |   31713 |   0.0 |       0 |      61 |   0.0 |  1077
         Orc:1 |       0 |    3452 |   0.0 |       0 |      22 |   0.0 |   656
         Orc:2 |       0 |    8645 |   0.0 |       0 |     110 |   0.0 |  1607
         Elf:1 |       0 |   12126 |   0.0 |       0 |      17 |   0.0 |  1319
         Elf:2 |       0 |   47290 |   0.0 |       0 |      64 |   0.0 |  1493
         Elf:3 |       0 |   52420 |   0.0 |       0 |      50 |   0.0 |  1643
      Vaults:1 |       0 |   69597 |   0.0 |       0 |     119 |   0.0 |  2178
      Vaults:2 |       0 |   51052 |   0.0 |       0 |      87 |   0.0 |  2170
      Vaults:3 |       0 |   80138 |   0.0 |       0 |     111 |   0.0 |  2280
      Vaults:4 |       0 |   44546 |   0.0 |       0 |      60 |   0.0 |  1756
      Vaults:5 |       0 |  192324 |   0.0 |       0 |     150 |   0.0 |  2162
       Crypt:1 |       0 |   37679 |   0.0 |       0 |      47 |   0.0 |  1500
       Crypt:2 |       0 |   38767 |   0.0 |       0 |      51 |   0.0 |   936
       Crypt:3 |       0 |   78097 |   0.0 |       0 |     120 |   0.0 |  1392
      Depths:1 |       0 |   64561 |   0.0 |       0 |      78 |   0.0 |  2917
      Depths:2 |       0 |   63280 |   0.0 |       0 |      63 |   0.0 |  1744
      Depths:3 |       0 |   69152 |   0.0 |       0 |      59 |   0.0 |  1709
      Depths:4 |       0 |  137605 |   0.0 |       0 |     151 |   0.0 |  2534
      Depths:5 |       0 |  113982 |   0.0 |       0 |      95 |   0.0 |  2329
          Hell |       0 |   54766 |   0.0 |       0 |      76 |   0.0 |   752
         Zot:1 |       0 |   84144 |   0.0 |       0 |      48 |   0.0 |  1534
         Zot:2 |       0 |   70547 |   0.0 |       0 |      35 |   0.0 |  1117
         Zot:3 |       0 |   93973 |   0.0 |       0 |      47 |   0.0 |  1577
         Zot:4 |       0 |   35624 |   0.0 |       0 |      13 |   0.0 |  1244
         Zot:5 |       0 |  226274 |   0.0 |       0 |      68 |   0.0 |  1676
       Abyss:1 |    4365 |    6026 |  42.0 |      13 |      11 |  54.2 |   448
       Abyss:3 |    3461 |    8759 |  28.3 |       6 |      21 |  22.2 |   157
         Zig:1 |       0 |    1094 |   0.0 |       0 |       3 |   0.0 |    20
         Zig:2 |       0 |    1824 |   0.0 |       0 |       3 |   0.0 |    26
         Zig:3 |       0 |    8077 |   0.0 |       0 |       2 |   0.0 |    27
         Zig:4 |       0 |   10098 |   0.0 |       0 |       3 |   0.0 |    52
         Zig:5 |       0 |    6477 |   0.0 |       0 |       8 |   0.0 |   305
         Zig:6 |       0 |    7358 |   0.0 |       0 |      10 |   0.0 |    72
         Zig:7 |       0 |    6918 |   0.0 |       0 |      13 |   0.0 |   116
         Zig:8 |       0 |   20251 |   0.0 |       0 |      11 |   0.0 |   293
         Zig:9 |       0 |    3002 |   0.0 |       0 |       2 |   0.0 |    36
           Lab |       0 |    4387 |   0.0 |       0 |       9 |   0.0 |  1991
         IceCv |       0 |   13309 |   0.0 |       0 |      46 |   0.0 |   689
               +---------+---------+-------+---------+---------+-------+---------
